 Dungeon Crawl Stone Soup version 0.31-a0-331-geda263fcf1 (webtiles) character file.

Game seed: 3379625682008743894

47033 quinnr the Stormcaller (level 14, -2/78 HPs)
             Began as a Tengu Air Elementalist on July 19, 2023.
             Was a High Priest of Vehumet.
             Slain by an azure jelly (27 damage)
             ... on level 5 of the Lair of Beasts.
             The game lasted 00:56:21 (28055 turns).

quinnr the Stormcaller (Tengu Air Elementalist)    Turns: 28055, Time: 00:56:21

Health: -2/78      AC:  7    Str: 11    XL:     14   Next: 40%
Magic:  14/37      EV: 19    Int: 20    God:    Vehumet [*****.]
Gold:   794        SH: 10    Dex: 15    Spells: 16/31 levels left

rFire   + . .        x - +9 dagger (speed)
rCold   . . .        I - +0 buckler
rNeg    . . .        y - +1 leather armour of Cearyot {Will+ rCorr Slay-3}
rPois   .            (helmet restricted)
rElec   .            Q - scarf "Zuthavam" {+Inv, Regen+ rCorr Str+2}
rCorr   +            a - +2 pair of gloves {hurl}
SInv    .            (boots unavailable)
Will    ++...        j - amulet of reflection
Stlth   +++++        f - ring of protection from fire
HPRegen 1.13/turn    M - ring of magical power
MPRegen 0.25/turn

%: reflection
@: flying quickly and evasively, quick
A: beak, talons 3, nimble flight
a: Renounce Religion, Evoke Invisibility


You were on level 5 of the Lair of Beasts.
You worshipped Vehumet.
Vehumet was extremely pleased with you.
You visited 3 branches of the dungeon, and saw 21 of its levels.
You also visited: Bailey and Gauntlet.

You collected 1432 gold pieces.
You spent 638 gold pieces at shops.


Innate Abilities, Weirdness & Mutations

You have a beak for a mouth.
You have claws for feet.
Your magical nature lets you fly swiftly and evasively.


   Skills:
 - Level 5.0 Fighting
 - Level 5.0 Short Blades
 - Level 5.0 Armour
 - Level 11.0 Dodging
 + Level 12.4 Stealth
 - Level 4.0 Shields
 - Level 9.0 Spellcasting
 - Level 6.0 Conjurations
 - Level 16.0 Air Magic
 - Level 8.0 Evocations


You had 16 spell levels left.
You knew the following spells:

 Your Spells              Type           Power      Damage    Failure   Level
a - Airstrike             Air            32%        2d(5-21)  1%          4
i - Swiftness             Air            64%        N/A       1%          3
t - Static Discharge      Conj/Air       100%       2-7/arc   1%          2
z - Shock                 Conj/Air       100%       1d9       1%          1
X - Arcjolt               Conj/Air       26%        1d36      1%          5

Your spell library contained the following spells:

 Spells                   Type           Power      Damage    Failure   Level
 Lee's Rapid Deconstruct  Erth           4%         3d5*      65%         5
 Frozen Ramparts          Ice            18%        1d3       11%         3
 Inner Flame              Hex/Fire       9%         N/A       11%         3
 Flame Wave               Conj/Fire      21%        2d8       11%         4
 Sticky Flame             Conj/Fire      21%        2d4       11%         4
 Ozocubu's Armour         Ice            9%         N/A       38%         3
 Petrify                  Tmut/Erth      9%         N/A       80%         4
 Metabolic Englaciation   Hex/Ice        4%         N/A       98%         5
 Ozocubu's Refrigeration  Ice            4%         4d8       100%        7

Inventory:

Hand Weapons
 x - a +9 dagger of speed (weapon)
 K - the +1 short sword of Broken Luck {chaos, rN+ Int+3}
   (You took it off a kobold brigand on level 7 of the Dungeon)

   Int:       It affects your intelligence (+3).
   rN:        It protects you from negative energy.
Missiles
 s - 8 silver javelins
Armour
 a - a +2 pair of gloves of hurling (worn)
 u - the +2 cloak of Parsimonious Salvation {+Blink Dex+3}
   (You found it in a bailey)

   Dex:       It affects your dexterity (+3).
   +Blink:    It lets you blink.
 y - the +1 leather armour of Cearyot (worn) {Will+ rCorr Slay-3}
   (You found it on level 7 of the Dungeon)

   Slay:      It affects your accuracy & damage with ranged weapons and melee
   (-3).
   rCorr:     It protects you from acid and corrosion.
   Will:      It increases your willpower.
 I - a +0 buckler (worn)
 Q - the scarf "Zuthavam" (worn) {+Inv, Regen+ rCorr Str+2}
   (You found it on level 10 of the Dungeon)

   Str:       It affects your strength (+2).
   Regen:     It increases your rate of health regeneration.
   rCorr:     It protects you from acid and corrosion.
Magical Staves
 U - a staff of fire {!a}
Jewellery
 f - a ring of protection from fire (left hand)
 j - an amulet of reflection (around neck)
 m - a ring of magical power
 v - a ring of see invisible
 D - an amulet of the acrobat
 E - the ring of the Hart {rPois rC++}
   (You bought it in a shop on level 7 of the Dungeon)

   [ring of poison resistance]

   rC:        It greatly protects you from cold.
   rPois:     It protects you from poison.
 F - a ring of fire
 M - a ring of magical power (right hand)
 T - a ring of fire
Wands
 q - a wand of charming (9)
 z - a wand of digging (3)
 C - a wand of acid (7)
 O - a wand of roots (6)
Scrolls
 c - 4 scrolls of teleportation {@r2}
 e - 2 scrolls of brand weapon
 g - 5 scrolls of amnesia
 h - 2 scrolls of fear
 k - 2 scrolls of enchant armour
 l - 4 scrolls of enchant weapon
 n - 2 scrolls of fog
 G - 4 scrolls of vulnerability
 H - a scroll of blinking
 J - a scroll of revelation
 L - a scroll of poison {unknown}
Potions
 b - 3 potions of magic
 d - a potion of resistance
 i - 4 potions of lignification
 o - 10 potions of curing {@q1}
 p - 3 potions of heal wounds {@q2}
 r - 2 potions of cancellation
 t - 2 potions of mutation
 w - 2 potions of brilliance
 B - a potion of might
 N - 3 potions of enlightenment
 P - a potion of invisibility
 S - 2 potions of berserk rage {!q}
Miscellaneous
 A - a condenser vane
 R - a phial of floods
 V - a phantom mirror

Dungeon Overview and Level Annotations

Branches:
Dungeon (15/15)            Temple (1/1) D:4            Lair (5/5) D:9
 Spider (0/4) Lair:3        Slime (0/5) Lair:4       Bailey (visited)
Gauntlet (visited)
  Swamp: Lair:2-3    Shoals: Lair:2-3       Orc: D:9-12      Vaults: D:13-14
 Depths: D:15

Altars:
Ashenzari
Cheibriados
Dithmenos
Elyvilon
Fedhas
Gozag
Hepliaklqana
Kikubaaqudgha
Makhleb
Nemelex Xobeh
Okawaru
Qazlal
Ru
Sif Muna
Trog
Uskayaw
Vehumet
Wu Jian
Xom
Yredelemnul
Zin
The Shining One
Jiyva

Shops:
D:7 =   D:11 [!

Annotations:
D:8 exclusion: downstairs
D:10 2 transporters
D:11 3 runed translucent doors
D:12 Kirke
D:13 exclusion: downstairs
D:15 3 runed translucent doors

#....# ##....... #..###
##.#...... ######...#
####.........
.#....#...####.........<..
...........#.......#......
...........P........#.^...
.........J...........#....
..........J...............
.........@................
................##...PP...
........(......####.....÷.
.................#P.......
.P#.......................
.##......................†
...................##.#..
..................<.####.
....................#...


You could see an azure jelly and a jelly.


Message History

The azure jelly is moderately wounded.
Unknown command.
Casting: Airstrike (safe; 1% risk of failure)
Confirm with . or Enter, or press ? or * to list all spells.
Electricity surges outward!
The azure jelly is struck by an electric surge!
The azure jelly is heavily wounded.
The slime creature is struck by an electric surge!
The slime creature is almost dead.
The slime creature barely misses you. The azure jelly barely misses you.
The azure jelly completely misses you. The azure jelly hits you.
The azure jelly hits you but does no damage.
Unknown command.
Unknown command.
Casting: Arcjolt (dangerous; 1% risk of failure)
Confirm with . or Enter, or press ? or * to list all spells.
Electricity surges outward!
The azure jelly is struck by an electric surge!!
The azure jelly is almost dead.
The slime creature is struck by an electric surge!
You kill the slime creature!
Vehumet accepts your kill.
You feel your power returning. The azure jelly hits you.
The azure jelly freezes you!!!
Ouch! That really hurt!
* * * LOW HITPOINT WARNING * * *
The azure jelly hits you.
* * * LOW HITPOINT WARNING * * *
The azure jelly freezes you!!
You die...

Skill      XL: |  1  2  3  4  5  6  7  8  9 10 11 12 13 14 |
---------------+-------------------------------------------+-----
Air Magic      | 5 6 8 9 13 14 15 16 | 16.0
Spellcasting   | 3 4 7 9 |  9.0
Fighting       | 1 4 5 |  5.0
Dodging        | 3 4 5 6 8 10 11 | 11.0
Stealth        | 3 4 5 7 10 12 | 12.4
Evocations     | 2 5 6 8 |  8.0
Armour         | 3 5 |  5.0
Shields        | 2 4 |  4.0
Conjurations   | 6 |  6.0
Short Blades   | 4 5 |  5.0

Action                     |  1- 3 |  4- 6 |  7- 9 | 10-12 | 13-15 || total
---------------------------+-------+-------+-------+-------+-------++-------
  Melee: Unarmed           |     5 |       |       |       |       ||     5
         Kick              |     3 |       |    13 |    26 |    14 ||    56
         Dagger            |       |       |    31 |    39 |    45 ||   115
         Peck              |       |       |     6 |    13 |     8 ||    27
         Punch             |       |       |     3 |     1 |       ||     4
         Short sword       |       |       |       |    23 |     5 ||    28
         Staff             |       |       |       |     1 |     3 ||     4
   Cast: Shock             |    96 |   114 |   143 |    58 |       ||   411
         Airstrike         |       |     5 |    81 |   272 |   234 ||   592
         Static Discharge  |       |       |    15 |    64 |     7 ||    86
         Swiftness         |       |       |     3 |    10 |     7 ||    20
         Arcjolt           |       |       |       |       |    48 ||    48
  Evoke: Wand              |       |       |     5 |    23 |     7 ||    35
         Phantom mirror    |       |       |     1 |     3 |     1 ||     5
         Condenser vane    |       |       |       |     2 |     2 ||     4
         Phial of floods   |       |       |       |     1 |     2 ||     3
    Use: Scroll            |       |     1 |     2 |    19 |    13 ||    35
         Potion            |       |       |     1 |     2 |     4 ||     7
 Armour: Robe              |     9 |     1 |    11 |     4 |       ||    25
         Leather armour    |       |       |       |    36 |    24 ||    60
  Dodge: Dodged            |    34 |    10 |    43 |   180 |    96 ||   363
  Block: Other             |       |     3 |    17 |    15 |       ||    35
         Reflection        |       |       |     3 |     9 |     1 ||    13
         Buckler           |       |       |       |   119 |    75 ||   194

Levels and vault maps discovered:
D:1:      dpeg_arrival_pond, layout_basic, basic_ecumenical_altar,
          minmay_misc_feat_rows, minmay_shallow_snake_nest
D:2:      layout_rooms, serial_co_window_serial, co_window_paths_b,
          co_window_paths_a, co_window_paths_b, co_window_paths_b,
          co_window_paths_b, co_window_of_opportunity_a, co_window_corner_a,
          co_window_paths_a, co_window_of_opportunity_a, co_window_corner_b,
          co_window_corner_b, co_window_unsneaky_path_b, co_window_2corner,
          co_window_broadway_b, co_window_broadway_c, co_window_paths_c,
          glass_columns_a
D:3:      layout_loops_cross, lightli_temple_of_fire, fedhas_altar_4,
          mainiacjoe_overflow_catwalk, minmay_misc_feat_roman, nrook_uturn,
          uniq_robin
D:4:      layout_gridville, minmay_temple_entry_enclosed_plants,
          gammafunk_ghost_necromancy, hangedman_feature_mirror, st_stairs_10
D:5:      nicolae_cairo_tiling_large, layout_basic, nicolae_gozag_seed_capital,
          gammafunk_temple_overflow_claw
D:6:      kennysheep_housing_project, layout_loops_cross, tso_altar,
          uniq_duvessa
D:7:      due_chaos_kobolds, layout_basic, mainiacjoe_overflow_alcove_2,
          lemuel_doored_altar, chequers_ossuary_entry_cave, serial_shops, shop,
          enter_bailey_5
D:8:      layout_rooms, grunt_temple_overflow_order_and_chaos_1
D:9:      layout_loops_ring, erik_lair_island, serial_shops,
          nicolae_shop_tiny_real_fake_doors
D:10:     layout_layer_cave, gammafunk_temple_overflow_arena, minivault_23,
          mrwooster_statue_mirror, uniq_josephine
D:11:     lemuel_bear_cage, layout_irregular_city, serial_shops, shop,
          nicolae_shop_industrial_runoff, uniq_snorg
D:12:     layout_loops_corners, minmay_orc_entry_temple_small, uniq_nessos,
          uniq_kirke
D:13:     layout_grid_maze, skrybe_vaults_entry_preservation,
          minmay_gold_behind_fungi
D:14:     layout_rooms, roderic_lattice_a, nicolae_the_louvre
D:15:     gammafunk_depths_entry_grave, layout_loops_cross, serial_bayou_pond_a,
          chequers_serial_rivers_micro_d, minmay_guarded_unrand_staff_of_olgreb
Temple:   nicolae_temple_godpark
Lair:1:   layout_gridlike, evilmike_ambush [evilmike_ambush_outer_basic,
          evilmike_ambush_inner_wall_1], infiniplex_staircase_pool_2,
          grunt_megastairs_1
Lair:2:   layout_roguey, gauntlet_entry_generic
Lair:3:   nzn_motion_control, layout_cave_pods, nicolae_swamp_entry_spooky,
          nicolae_spider_entry_tight_spaces, nicolae_lair_lindhole
Lair:4:   layout_long_grid, minmay_slime_entry_jelly_boxes, basic_altar
Lair:5:   evilmike_catoblepas_cave, layout_cave_shapes,
          nicolae_lair_time_for_slime

Notes
Turn   | Place    | Note
-------+----------+-------------------------------------------
     0 | D:1      | quinnr the Tengu Air Elementalist began the quest for the
                  | Orb.
     0 | D:1      | Reached XP level 1. HP: 10/10 MP: 4/4
   229 | D:1      | Reached XP level 2. HP: 15/15 MP: 3/6
   295 | D:1      | Found a faded altar of an unknown god.
   627 | D:1      | Reached XP level 3. HP: 19/19 MP: 1/7
  1046 | D:1      | Reached skill level 5 in Air Magic
  1874 | D:2      | Reached XP level 4. HP: 24/24 MP: 3/8
  2376 | D:2      | Reached skill level 6 in Air Magic
  3078 | D:3      | Found a hazy altar of Hepliaklqana.
  3125 | D:3      | Found a blossoming altar of Fedhas.
  3352 | D:3      | Gained mutation: Your magical nature lets you fly swiftly
                  | and evasively. [Tengu growth]
  3352 | D:3      | Reached XP level 5. HP: 28/28 MP: 5/9
  3483 | D:3      | Reached skill level 7 in Air Magic
  3766 | D:3      | Found a burning altar of Makhleb.
  3766 | D:3      | Noticed Robin
  3787 | D:3      | Killed Robin
  4061 | D:3      | Learned a level 4 spell: Airstrike
  4240 | D:4      | Found a runed translucent gate.
  4241 | D:4      | Found a runed translucent gate.
  4251 | D:4      | Found a runed translucent gate.
  4332 | D:4      | Noticed hgbash's ghost (amateur MfSh)
  4482 | D:3      | Learned a level 2 spell: Static Discharge
  4527 | D:4      | Noticed an ogre
  4531 | D:4      | Killed an ogre
  4532 | D:4      | Reached skill level 8 in Air Magic
  4532 | D:4      | Reached XP level 6. HP: 32/32 MP: 3/11
  4652 | D:4      | Reached skill level 3 in Spellcasting
  4652 | D:4      | Reached skill level 1 in Fighting
  4786 | D:4      | Reached skill level 3 in Dodging
  4871 | D:4      | Reached skill level 3 in Stealth
  4981 | D:4      | Reached XP level 7. HP: 38/38 MP: 7/12
  5123 | D:5      | Entered Level 5 of the Dungeon
  5426 | D:5      | Reached skill level 4 in Dodging
  5490 | D:5      | Reached skill level 4 in Stealth
  5490 | D:5      | Reached skill level 1 in Evocations
  5649 | D:5      | Learned a level 3 spell: Swiftness
  5698 | D:5      | Found an opulent altar of Gozag.
  5854 | D:5      | Found a snail-covered altar of Cheibriados.
  5854 | D:5      | Found a shimmering blue altar of Sif Muna.
  5855 | D:5      | Found an iron altar of Okawaru.
  5882 | D:5      | Reached skill level 2 in Evocations
  6191 | D:6      | Reached XP level 8. HP: 43/43 MP: 5/13
  6287 | D:6      | Reached skill level 5 in Dodging
  6298 | D:6      | Found a glowing golden altar of the Shining One.
  6684 | D:6      | Noticed Duvessa
  6686 | D:6      | Reached skill level 5 in Stealth
  6686 | D:6      | Reached skill level 3 in Evocations
  6687 | D:6      | Killed Duvessa
  6830 | D:4      | Found a staircase to the Ecumenical Temple.
  6857 | Temple   | Entered the Ecumenical Temple
  6870 | Temple   | Became a worshipper of Vehumet
  7150 | D:4      | Reached skill level 4 in Evocations
  7546 | D:4      | Killed hgbash's ghost
  8028 | D:6      | Reached skill level 9 in Air Magic
  8028 | D:6      | Reached skill level 5 in Evocations
  8927 | D:5      | Reached skill level 4 in Spellcasting
  8927 | D:5      | Reached XP level 9. HP: 47/47 MP: 2/16
  9084 | D:6      | Reached skill level 10 in Air Magic
  9793 | D:6      | Reached * piety under Vehumet
  9793 | D:6      | Offered knowledge of Foxfire by Vehumet.
  9794 | D:6      | Reached skill level 11 in Air Magic
  9870 | D:6      | Noticed Dowan
  9874 | D:6      | Killed Dowan
 10463 | D:7      | Found a flagged portal.
 10475 | Bailey   | Entered a bailey
 10578 | Bailey   | Reached skill level 12 in Air Magic
 10691 | Bailey   | Found a large runed translucent door.
 10691 | Bailey   | Found a large runed translucent door.
 10692 | Bailey   | Noticed a deep elf pyromancer
 10694 | Bailey   | Noticed an orc knight
 10798 | Bailey   | Killed an orc knight
 10892 | Bailey   | Reached skill level 6 in Dodging
 11120 | Bailey   | Killed a deep elf pyromancer
 11121 | Bailey   | Reached skill level 13 in Air Magic
 11121 | Bailey   | Reached XP level 10. HP: 52/52 MP: 5/17
 11137 | Bailey   | Identified the +2 cloak of Parsimonious Salvation {+Blink
                  | Dex+3}
 11260 | D:7      | Reached skill level 7 in Dodging
 11315 | D:7      | Found Lareah's Jewellery Emporium.
 11475 | D:7      | Offered knowledge of Momentum Strike by Vehumet.
 11800 | D:7      | Found a hide-covered altar of Uskayaw.
 11827 | D:7      | Reached ** piety under Vehumet
 11926 | D:7      | Identified the +1 short sword of Broken Luck {chaos, rN+
                  | Int+3}
 11991 | D:7      | Identified the +1 leather armour of Cearyot {Will+ rCorr
                  | Slay-3}
 12037 | D:7      | Bought the ring of the Hart {rPois rC++} for 578 gold
                  | pieces
 12091 | D:7      | Found a shadowy altar of Dithmenos.
 12217 | D:7      | Found a large runed translucent door.
 12217 | D:7      | Found a large runed translucent door.
 12223 | D:7      | Found a shimmering altar of Xom.
 12692 | D:8      | Reached skill level 1 in Armour
 12924 | D:8      | Reached skill level 14 in Air Magic
 13115 | D:8      | Found a glowing silver altar of Zin.
 13115 | D:8      | Noticed an angel
 13120 | D:8      | Found a shimmering altar of Xom.
 13205 | D:8      | Reached skill level 2 in Armour
 13205 | D:8      | Reached skill level 6 in Evocations
 13669 | D:8      | Reached skill level 1 in Shields
 13671 | D:8      | Reached skill level 8 in Dodging
 14160 | D:9      | Noticed a two-headed ogre
 14163 | D:9      | Killed a two-headed ogre
 14164 | D:9      | Reached skill level 3 in Armour
 14164 | D:9      | Reached skill level 2 in Shields
 14217 | D:8      | Killed an angel
 14380 | D:9      | Offered knowledge of Mephitic Cloud by Vehumet.
 14381 | D:9      | Reached XP level 11. HP: 56/56 MP: 18/18
 14388 | D:8      | Reached skill level 3 in Shields
 14520 | D:9      | Reached skill level 4 in Armour
 14777 | D:9      | Reached skill level 7 in Evocations
 14777 | D:9      | Reached *** piety under Vehumet
 14894 | D:9      | Found a staircase to the Lair.
 15266 | D:9      | Reached skill level 9 in Dodging
 15518 | D:9      | Found Osireq's Magic Scroll Shop.
 15694 | D:10     | Entered Level 10 of the Dungeon
 15788 | D:10     | Reached skill level 4 in Shields
 15867 | D:10     | Reached skill level 5 in Armour
 16068 | D:10     | Offered knowledge of Fulminant Prism by Vehumet.
 16070 | D:10     | Noticed a deep elf archer
 16261 | D:10     | Identified the scarf "Zuthavam" {+Inv, Regen+ rCorr Str+2}
 16397 | D:10     | Noticed Josephine
 16454 | D:10     | Killed Josephine
 16455 | D:10     | Reached skill level 10 in Dodging
 16455 | D:10     | Reached skill level 8 in Evocations
 16497 | D:10     | Reached skill level 2 in Fighting
 16670 | D:10     | Reached skill level 3 in Fighting
 17030 | D:10     | Found a bloodstained altar of Trog.
 17031 | D:10     | Found a transporter.
 17034 | D:10     | Found a sparkling altar of Nemelex Xobeh.
 17049 | D:10     | Found a transporter.
 17169 | D:11     | Noticed a purple ugly thing
 17271 | D:11     | Found a runed translucent gate.
 17271 | D:11     | Noticed a manticore
 17272 | D:11     | Found a runed translucent gate.
 17272 | D:11     | Noticed a boulder beetle
 17272 | D:11     | Noticed a death yak
 17273 | D:11     | Noticed a manticore
 17274 | D:11     | Noticed a death yak
 17304 | D:11     | Killed a boulder beetle
 17480 | D:11     | Noticed a manticore
 17497 | D:11     | Killed a manticore
 17497 | D:11     | Reached **** piety under Vehumet
 17498 | D:11     | Reached skill level 4 in Fighting
 17644 | D:11     | Found Suheiss's Distillery.
 17652 | D:11     | Bought a potion of heal wounds for 60 gold pieces
 17683 | D:11     | Found Yniboz's Armour Emporium.
 17797 | D:11     | Offered knowledge of Flame Wave by Vehumet.
 17798 | D:11     | Reached XP level 12. HP: 67/67 MP: 16/19
 17950 | D:11     | Reached skill level 5 in Fighting
 18060 | D:11     | Found a runed translucent gate.
 18061 | D:11     | Noticed a death yak
 18208 | D:11     | Noticed Snorg
 18216 | D:11     | Killed Snorg
 18217 | D:11     | Reached skill level 11 in Dodging
 18473 | D:13     | You are sucked into a shaft and drop 1 floor!
 18654 | D:15     | Entered Level 15 of the Dungeon
 18722 | D:14     | Reached skill level 5 in Spellcasting
 18722 | D:14     | Noticed a tengu warrior
 18791 | D:15     | Noticed a tengu warrior
 18798 | D:15     | Killed a tengu warrior
 18840 | D:15     | Identified a potion of resistance
 18854 | D:15     | Found the +9 staff of Olgreb {rPois∞}
 18860 | D:15     | Noticed an emperor scorpion
 18860 | D:15     | Noticed an emperor scorpion
 18861 | D:15     | Found a runed translucent gate.
 18861 | D:15     | Found a runed translucent gate.
 18861 | D:15     | Noticed an emperor scorpion
 18862 | D:15     | Found a runed translucent door.
 18920 | D:15     | Noticed a boulder beetle
 18927 | D:15     | Killed a boulder beetle
 18928 | D:15     | Reached skill level 6 in Spellcasting
 18928 | D:15     | Reached skill level 3 in Conjurations
 19160 | D:15     | Reached skill level 4 in Conjurations
 19334 | D:15     | Noticed a centaur warrior
 19339 | D:15     | Killed a centaur warrior
 19340 | D:15     | Reached skill level 5 in Conjurations
 19377 | D:15     | Reached skill level 6 in Conjurations
 19907 | D:15     | Killed a tengu warrior
 19996 | D:15     | Reached skill level 6 in Stealth
 20487 | D:13     | Noticed a boulder beetle
 20509 | D:13     | Reached skill level 7 in Spellcasting
 20517 | D:13     | Killed a boulder beetle
 20772 | D:12     | Noticed Kirke
 20795 | D:12     | Reached skill level 7 in Stealth
 21030 | Lair:1   | Entered Level 1 of the Lair of Beasts
 21260 | D:9      | Reached XP level 13. HP: 35/72 MP: 21/25
 21528 | D:9      | Reached skill level 8 in Stealth
 21528 | D:9      | Reached skill level 8 in Spellcasting
 22301 | Lair:1   | Reached ***** piety under Vehumet
 22301 | Lair:1   | Offered knowledge of Arcjolt by Vehumet.
 22335 | Lair:1   | Learned a level 5 spell: Arcjolt
 22908 | Lair:2   | Reached skill level 9 in Stealth
 22947 | Lair:2   | Found a gate leading to a gauntlet.
 22967 | Gauntlet | Entered a Gauntlet
 22967 | Gauntlet | Found a transporter.
 23009 | Gauntlet | Found a transporter.
 23027 | Gauntlet | Found a transporter.
 23030 | Gauntlet | Found a transporter.
 23052 | Gauntlet | Found a transporter.
 23062 | Gauntlet | Found a transporter.
 23074 | Gauntlet | Found a transporter.
 23107 | Gauntlet | Found a transporter.
 23134 | Gauntlet | Found a transporter.
 23134 | Gauntlet | Found a transporter.
 23142 | Gauntlet | Found a transporter.
 23163 | Gauntlet | Found a transporter.
 23394 | Gauntlet | Reached skill level 9 in Spellcasting
 23532 | Gauntlet | Noticed a minotaur
 23537 | Gauntlet | HP: 7/72 [poisoned by a minotaur]
 23538 | Gauntlet | HP: 2/72 [poisoned by a minotaur]
 23549 | Gauntlet | Killed a minotaur
 23670 | Lair:2   | Reached skill level 15 in Air Magic
 23924 | Lair:2   | Reached skill level 1 in Short Blades
 24730 | Lair:3   | Reached skill level 2 in Short Blades
 24927 | Lair:3   | Reached skill level 3 in Short Blades
 25583 | Lair:2   | Reached skill level 4 in Short Blades
 25777 | Lair:3   | Reached skill level 10 in Stealth
 25862 | Lair:3   | Reached XP level 14. HP: 72/78 MP: 15/28
 26033 | Lair:3   | Reached skill level 16 in Air Magic
 26035 | Lair:3   | Reached skill level 5 in Short Blades
 26040 | Lair:3   | Reached skill level 11 in Stealth
 26200 | Lair:3   | Found a hole to the Spider Nest.
 26495 | Lair:4   | Found a staircase to the Slime Pits.
 26495 | Lair:4   | Found a viscous altar of Jiyva.
 27045 | Lair:5   | Entered Level 5 of the Lair of Beasts
 27105 | Lair:4   | Found a broken altar of Ashenzari.
 27254 | Lair:4   | Reached skill level 12 in Stealth
 27891 | Lair:5   | Offered knowledge of Lee's Rapid Deconstruction by Vehumet.
 27938 | Lair:5   | Noticed an azure jelly
 28055 | Lair:5   | Slain by an azure jelly

Vanquished Creatures
  A minotaur (Gauntlet)
  Snorg (D:11)
  Josephine (D:10)
  A hydra (Lair:4)
  3 boulder beetles
  A centaur warrior (D:15)
  2 catoblepae (Lair:3)
  A two-headed ogre (D:9)
  2 tengu warriors (D:15)
  A spectral death yak (Lair:3)
  A fire crab (Gauntlet)
  A deep elf pyromancer (Bailey)
  2 lindwurms (Lair:3)
  An orc knight (Bailey)
  2 cyclopes
  4 ugly things
  3 manticores
  5 black mambas
  5 elephants (Lair:3)
  A gargoyle (D:11)
  4 cane toads
  An unseen horror (D:10)
  A kobold demonologist (D:10)
  2 efreet
  3 rime drakes
  7 komodo dragons
  4 trolls
  A polar bear (Lair:5)
  A spectral lindwurm (Lair:3)
  22 blink frogs
  2 hornets (D:10)
  A jumping spider (Lair:3)
  6 slime creatures
  2 culicivoras (Lair:3)
  A shadow (D:11)
  6 wyverns
  4 basilisks
  3 fire elementals (Gauntlet)
  A hog (D:12)
  20 yaks
  3 wraiths (D:10)
  3 fire bats (Gauntlet)
  3 vampire mosquitoes (D:13)
  2 redbacks (Lair:3)
  3 steam dragons
  2 acid dragons
  6 hell hounds (Gauntlet)
  12 water moccasins
  Duvessa (D:6)
  A sky beast (D:7)
  A spectral blink frog (Lair:3)
  4 black bears
  6 orc warriors
  16 wolves
  3 ogres
  The ghost of hgbash the Changeling, an amateur MfSh (D:4)
  5 centaurs
  A phantom (D:6)
  5 kobold brigands
  6 bullfrogs
  A gnoll sergeant (D:8)
  A scorpion (D:4)
  9 wights
  A water moccasin skeleton (D:4)
  Dowan (D:6)
  14 killer bees
  3 howler monkeys
  2 electric eels (D:9)
  14 hounds
  19 jellies
  10 orc priests
  A gnoll bouda (D:7)
  4 iguanas
  9 orc wizards
  Robin (D:3)
  13 gnolls
  3 howler monkey skeletons (D:4)
  6 adders
  2 white imps (D:7)
  4 ufetubi
  5 worms
  4 dart slugs
  26 orcs
  9 ball pythons
  3 bats
  16 endoplasms
  4 giant cockroaches
  18 goblins
  20 hobgoblins
  5 jackals
  33 kobolds
  7 quokkas
  5 frilled lizards
  7 rats
495 creatures vanquished.

Vanquished Creatures (collateral kills)
  A boulder beetle (D:11)
  An ugly thing (D:15)
  2 orc warriors (Bailey)
  A gnoll (D:6)
  A kobold (D:6)
6 creatures vanquished.

Vanquished Creatures (others)
  An angel (D:8)
  A flayed ghost (D:15)
  An ugly thing (D:15)
  An orc warrior (D:6)
  A kobold brigand (D:10)
5 creatures vanquished.

Grand Total: 506 creatures vanquished

Table legend: (Time is in decaauts)
 A = Elapsed time spent in this place.
 B = Non-inter-level travel time spent in this place.
 C = Inter-level travel time spent in this place.
 D = Time resting spent in this place.
 E = Time spent auto-exploring this place.
 F = Levels seen in this place.
 G = Mean time per level.
                   A        B        C        D        E       F      G
               +--------+--------+--------+--------+--------+-----+--------+
         Total |  27004 |  26122 |    882 |   4301 |  17785 |  23 | 1174.1 |
       Dungeon |  20316 |  19533 |    783 |   3522 |  13226 |  15 | 1354.4 |
        Temple |     26 |     12 |     14 |      0 |      0 |   1 |   26.0 |
          Lair |   5356 |   5271 |     85 |    444 |   4132 |   5 | 1071.2 |
        Bailey |    698 |    698 |      0 |    291 |     33 |   1 |  698.0 |
      Gauntlet |    606 |    606 |      0 |     43 |    392 |   1 |  606.0 |
               +--------+--------+--------+--------+--------+-----+--------+

Top non-repeatable levels by time:
     D:4: 2157 daAuts
     D:6: 2101 daAuts
     D:5: 1820 daAuts
     D:9: 1800 daAuts
     D:7: 1753 daAuts
     D:8: 1529 daAuts
  Lair:3: 1466 daAuts
    D:11: 1454 daAuts
     D:3: 1436 daAuts
     D:2: 1372 daAuts
  Lair:2: 1360 daAuts
     D:1: 1341 daAuts
    D:15: 1285 daAuts
    D:10: 1234 daAuts
  Lair:4: 1067 daAuts

Table legend:
 A = Non-vault XP
 B = Vault XP
 C = Vault XP percentage of total XP
 D = Non-vault monster count
 E = Vault monster count
 F = Vault count percentage of total count
                 A         B        C        D         E       F
            +---------+---------+-------+---------+---------+-------
      Total |   47395 |   20027 |  29.7 |     346 |     158 |  31.3
            +---------+---------+-------+---------+---------+-------
        D:1 |      45 |       6 |  11.8 |      26 |       4 |  13.3
        D:2 |      49 |       0 |   0.0 |      24 |       0 |   0.0
        D:3 |      89 |      37 |  29.4 |      17 |      12 |  41.4
        D:4 |     441 |     311 |  41.4 |      18 |      13 |  41.9
        D:5 |     462 |     170 |  26.9 |      16 |       2 |  11.1
        D:6 |     605 |    1010 |  62.5 |      17 |      30 |  63.8
        D:7 |    1230 |     114 |   8.5 |      19 |       9 |  32.1
        D:8 |    2294 |      83 |   3.5 |      28 |       2 |   6.7
        D:9 |    5786 |    1967 |  25.4 |      39 |      11 |  22.0
       D:10 |    2377 |    1505 |  38.8 |      21 |       4 |  16.0
       D:11 |    3378 |     936 |  21.7 |      15 |       1 |   6.2
       D:12 |     122 |     200 |  62.1 |       5 |       1 |  16.7
       D:13 |    1390 |       0 |   0.0 |       4 |       0 |   0.0
       D:14 |    1544 |       0 |   0.0 |       4 |       0 |   0.0
       D:15 |    6739 |       0 |   0.0 |      13 |       0 |   0.0
     Lair:1 |    2837 |     341 |  10.7 |      11 |       3 |  21.4
     Lair:2 |    4289 |       0 |   0.0 |      18 |       0 |   0.0
     Lair:3 |    7028 |    6219 |  46.9 |      26 |      14 |  35.0
     Lair:4 |    4778 |     552 |  10.4 |      18 |      15 |  45.5
     Lair:5 |    1912 |     604 |  24.0 |       7 |       5 |  41.7
     Bailey |       0 |    1727 | 100.0 |       0 |      17 | 100.0
   Gauntlet |       0 |    4245 | 100.0 |       0 |      15 | 100.0
            +---------+---------+-------+---------+---------+-------

Levels and vault maps discovered:
D:1:      dpeg_arrival_pond, layout_basic, basic_ecumenical_altar,
          minmay_misc_feat_rows, minmay_shallow_snake_nest
D:2:      layout_rooms, serial_co_window_serial, co_window_paths_b,
          co_window_paths_a, co_window_paths_b, co_window_paths_b,
          co_window_paths_b, co_window_of_opportunity_a, co_window_corner_a,
          co_window_paths_a, co_window_of_opportunity_a, co_window_corner_b,
          co_window_corner_b, co_window_unsneaky_path_b, co_window_2corner,
          co_window_broadway_b, co_window_broadway_c, co_window_paths_c,
          glass_columns_a
D:3:      layout_loops_cross, lightli_temple_of_fire, fedhas_altar_4,
          mainiacjoe_overflow_catwalk, minmay_misc_feat_roman, nrook_uturn,
          uniq_robin
D:4:      layout_gridville, minmay_temple_entry_enclosed_plants,
          gammafunk_ghost_necromancy, hangedman_feature_mirror, st_stairs_10
D:5:      nicolae_cairo_tiling_large, layout_basic, nicolae_gozag_seed_capital,
          gammafunk_temple_overflow_claw
D:6:      kennysheep_housing_project, layout_loops_cross, tso_altar,
          uniq_duvessa
D:7:      due_chaos_kobolds, layout_basic, mainiacjoe_overflow_alcove_2,
          lemuel_doored_altar, chequers_ossuary_entry_cave, serial_shops, shop,
          enter_bailey_5
D:8:      layout_rooms, grunt_temple_overflow_order_and_chaos_1
D:9:      layout_loops_ring, erik_lair_island, serial_shops,
          nicolae_shop_tiny_real_fake_doors
D:10:     layout_layer_cave, gammafunk_temple_overflow_arena, minivault_23,
          mrwooster_statue_mirror, uniq_josephine
D:11:     lemuel_bear_cage, layout_irregular_city, serial_shops, shop,
          nicolae_shop_industrial_runoff, uniq_snorg
D:12:     layout_loops_corners, minmay_orc_entry_temple_small, uniq_nessos,
          uniq_kirke
D:13:     layout_grid_maze, skrybe_vaults_entry_preservation,
          minmay_gold_behind_fungi
D:14:     layout_rooms, roderic_lattice_a, nicolae_the_louvre
D:15:     gammafunk_depths_entry_grave, layout_loops_cross, serial_bayou_pond_a,
          chequers_serial_rivers_micro_d, minmay_guarded_unrand_staff_of_olgreb
Temple:   nicolae_temple_godpark
Lair:1:   layout_gridlike, evilmike_ambush [evilmike_ambush_outer_basic,
          evilmike_ambush_inner_wall_1], infiniplex_staircase_pool_2,
          grunt_megastairs_1
Lair:2:   layout_roguey, gauntlet_entry_generic
Lair:3:   nzn_motion_control, layout_cave_pods, nicolae_swamp_entry_spooky,
          nicolae_spider_entry_tight_spaces, nicolae_lair_lindhole
Lair:4:   layout_long_grid, minmay_slime_entry_jelly_boxes, basic_altar
Lair:5:   evilmike_catoblepas_cave, layout_cave_shapes,
          nicolae_lair_time_for_slime
